Map: Prion Terraces

Players

DjoleX - Winner!

  • Race: Terran Terran

Gracz

  • Race: Protoss Protoss

VOD

Have the link to the VOD?

Description

Time

  • Played on: March 8, 2016, 10:46 a.m.
  • Length: 18:39
Show
View Real Time Build Order
Export as new Build Order

DjoleX Terran - Winner!

Build Orders:  

Get SALT Encoding   

  12  0:29  SCV  
  13  0:41  SCV  
  12  1:31  SCV  
  13  1:37  Supply Depot  
  13  1:43  SCV  
  14  1:55  SCV  
  15  2:10  SCV  
  16  2:22  Barracks  
  16  2:23  SCV  
  17  2:39  SCV  
  17  2:43  Supply Depot  
  18  2:44  Command Center  
  19  2:51  SCV  
  19  2:55  Refinery  
  19  2:56  Refinery  
  19  3:03  SCV  
  20  3:23  Marine  
  21  3:33  Barracks  
  21  3:40  Orbital Command  
  21  3:41  Marine  
  22  3:59  Marine  
  23  4:09  SCV  
  24  4:16  Orbital Command  
  24  4:17  Marine  
  24  4:21  SCV  
  26  4:25  Barracks Tech Lab  
  26  4:27  Supply Depot  
  26  4:33  SCV  
  26  4:35  Marine  
  28  4:43  SCV  
  28  4:45  SCV  
  30  4:50  Refinery  
  30  4:52  Marine  
  30  4:55  Factory, SCV  
  30  4:57  Marine, SCV  
  34  5:02  Supply Depot  
  34  5:07  SCV  
  34  5:09  SCV  
  34  5:10  Marine  
  37  5:16  Command Center  
  37  5:19  SCV  
  38  5:21  Supply Depot, SCV  
  38  5:23  Supply Depot  
  38  5:25  Supply Depot  
  38  5:27  Marine  
  40  5:28  Marine  
  40  5:35  Refinery, SCV x2  
  43  5:43  Refinery  
  43  5:44  Supply Depot  
  43  5:45  Marine  
  43  5:46  Marine  
  43  5:47  SCV x2  
  47  5:54  Factory Tech Lab  
  47  5:59  SCV x2  
  47  6:01  Refinery  
  47  6:03  Marine  
  50  6:09  Marine  
  51  6:11  SCV x2  
  51  6:12  Combat Shields  
  51  6:13  Siege Tank  
  56  6:20  Marine  
  57  6:31  Orbital Command  
  57  6:32  SCV  
  58  6:34  SCV  
  59  6:44  SCV  
  59  6:46  SCV  
  61  6:56  SCV  
  61  6:58  SCV  
  63  7:02  Starport  
  63  7:07  SCV  
  65  7:08  SCV  
  65  7:10  SCV  
  65  7:13  Starport  
  65  7:15  Siege Tank  
  69  7:17  Marine  
  69  7:18  Marine  
  69  7:19  SCV  
  69  7:20  SCV  
  73  7:35  Marine  
  73  7:36  Marine  
  75  7:53  Marine x2, Starport Tech Lab  
  75  7:55  Starport Tech Lab  
  77  8:10  Marine  
  77  8:11  Starport  
  78  8:19  Banshee x2  
  81  8:20  Fusion Core  
  81  8:22  Cloaking Field  
  81  8:24  SCV x3  
  87  8:28  Siege Tank  
  87  8:32  Marine  
  87  8:33  Marine  
  92  8:35  Stimpack  
  92  8:36  SCV x2  
  94  8:44  SCV  
  96  8:48  SCV x2  
  96  8:50  Marine  
  98  9:02  Banshee  
  101  9:07  Starport Tech Lab  
  101  9:25  Banshee x2  
  107  9:33  Command Center  
  107  9:34  SCV  
  107  9:35  SCV  
  109  9:41  Supply Depot  
  109  9:43  Supply Depot  
  109  9:45  Supply Depot  
  109  9:46  Supply Depot  
  109  9:50  Supply Depot  
  109  9:51  Supply Depot  
  109  10:03  Engineering Bay x2, SCV x3, Banshee  
  109  10:05  Armory  
  109  10:07  Supply Depot  
  115  10:08  Banshee x2  
  121  10:15  SCV  
  122  10:23  Barracks  
  122  10:24  Barracks x2  
  122  10:27  SCV x3  
  125  10:31  Hyperflight Rotors, Supply Depot  
  125  10:48  Refinery, Orbital Command  
  125  10:49  SCV x3  
  128  11:00  Terran Infantry Armor Level 1, Terran Infantry Weapons Level 1  
  128  11:01  SCV x3  
  128  11:02  Terran Vehicle And Ship Armor Level 1  
  128  11:04  Refinery, Command Center  
  131  11:06  Banshee x3  
  140  11:13  SCV  
  140  11:15  SCV x3  
  144  11:25  SCV  
  145  11:27  SCV  
  146  11:49  Banshee x3  
  155  11:58  Armory  
  155  11:59  Armory  
  155  12:02  Barracks Reactor x3  
  155  12:10  Command Center  
  155  12:18  Missile Turret  
  155  12:20  Missile Turret  
  155  12:34  Missile Turret  
  155  12:39  Missile Turret  
  155  12:41  Missile Turret  
  155  12:45  Supply Depot x2  
  155  12:49  Supply Depot  
  155  12:50  Supply Depot  
  155  12:54  Missile Turret  
  155  12:57  Terran Vehicle Weapons Level 1  
  155  12:58  Terran Ship Weapons Level 1, Terran Vehicle And Ship Armor Level 2  
  155  13:02  Missile Turret  
  155  13:04  Missile Turret, Marine  
  155  13:05  Barracks, Marine x6  
  160  13:09  Supply Depot  
  160  13:12  Banshee x3  
  171  13:14  Ghost Academy  
  171  13:19  Behemoth Reactor  
  171  13:22  Marine x2  
  171  13:23  Marine x3  
  171  13:24  Missile Turret  
  176  13:32  Missile Turret  
  176  13:33  Missile Turret  
  176  13:38  Orbital Command  
  176  13:41  Refinery  
  176  13:51  Missile Turret  
  176  13:53  Refinery  
  176  13:55  Banshee x3  
  185  13:56  Missile Turret  
  185  14:15  Weapon Refit  
Show
View Real Time Build Order
Export as new Build Order

Gracz Protoss 

Build Orders:  

Get SALT Encoding   

  12  0:03  Probe (Chrono Boost)  
  3  1:23  Probe (Chrono Boost)  
  2  2:01  Probe (Chrono Boost)  
  3  2:18  Probe (Chrono Boost)  
  4  2:36  Probe (Chrono Boost)  
  5  3:42  Probe (Chrono Boost)  
  1  4:42  Probe (Chrono Boost)  
  2  5:55  Probe (Chrono Boost)  
  3  6:06  Probe (Chrono Boost)  
  4  6:31  Probe (Chrono Boost)  
  5  6:42  Probe (Chrono Boost)  
  6  6:53  Probe (Chrono Boost)  
  7  7:03  Probe (Chrono Boost)  
  8  7:14  Probe (Chrono Boost)  
  9  7:24  Probe (Chrono Boost)  
  10  7:35  Probe (Chrono Boost)  
  11  7:45  Probe (Chrono Boost)  
  12  7:56  Probe (Chrono Boost)  
  13  8:06  Probe (Chrono Boost)  
  13  8:08  Pylon  
  14  8:17  Probe (Chrono Boost)  
  15  8:27  Probe (Chrono Boost)  
  15  8:33  Pylon  
  16  8:38  Assimilator, Probe (Chrono Boost)  
  17  8:48  Probe (Chrono Boost)  
  18  8:59  Probe (Chrono Boost)  
  20  9:10  Probe (Chrono Boost)  
  20  9:15  Pylon  
  20  9:17  Gateway  
  20  9:20  Probe (Chrono Boost)  
  21  9:31  Probe (Chrono Boost)  
  22  9:41  Probe (Chrono Boost)  
  23  9:52  Probe (Chrono Boost)  
  24  10:02  Probe (Chrono Boost)  
  24  10:05  Zealot  
  27  10:13  Probe (Chrono Boost)  
  28  10:15  Nexus  
  28  10:23  Probe (Chrono Boost)  
  28  10:24  Gateway  
  29  10:34  Probe (Chrono Boost)  
  30  10:44  Probe (Chrono Boost)  
  31  10:55  Probe (Chrono Boost)  
  32  10:58  Pylon  
  32  11:05  Probe (Chrono Boost)  
  33  11:16  Probe (Chrono Boost)  
  34  11:24  Pylon  
  34  11:26  Probe (Chrono Boost)  
  35  11:33  Pylon  
  35  11:37  Probe (Chrono Boost)  
  35  11:39  Probe (Chrono Boost)  
  37  11:40  Assimilator  
  37  11:45  Assimilator  
  37  11:48  Assimilator, Probe (Chrono Boost)  
  37  11:50  Probe (Chrono Boost)  
  39  11:58  Probe (Chrono Boost)  
  39  12:00  Probe (Chrono Boost)  
  41  12:09  Probe (Chrono Boost)  
  41  12:14  Cybernetics Core  
  42  12:23  Forge  
  42  12:46  Nexus  
  42  12:54  Assimilator  
  42  12:59  Assimilator  
  42  13:10  Stargate x2  
  42  13:12  Stargate  
  42  13:16  Stargate x2  
  42  13:59  Probe (Chrono Boost)  
  42  14:02  Mothership Core (Chrono Boost)  
  45  14:10  Probe (Chrono Boost)  
  45  14:15  Nexus  
  40  14:19  Probe  
  43  14:31  Probe  
  44  14:43  Probe  
  45  14:50  Pylon  
  44  14:57  Pylon  
  44  14:59  Pylon  
  43  15:02  Pylon  
  32  15:07  Pylon  
  28  15:15  Pylon  
  28  15:18  Pylon  
  24  15:38  Stargate  
  24  15:39  Stargate  
  24  15:40  Stargate  
  20  15:45  Stargate  
  4  16:24  Nexus  
  4  16:37  Nexus  
  7  16:43  Assimilator  
  7  16:49  Assimilator  
  3  17:17  Pylon  
  3  18:06  Nexus  
Tags
 
Add a new tag
Caveats
  • Supply blocks, unpowered buildings, or Contaminate may cause inaccurate times.
  • Supply counts are checked every 10 seconds.